 Dungeon Crawl Stone Soup version 0.29-a0-297-g7659ce593d (webtiles) character file.

Game seed: 15013970869697599540

10 Dabor the Insei (level 2, -1/14 HPs)
             Began as a Vine Stalker Transmuter on Mar 21, 2022.
             Slain by a kobold
             ... wielding a +0 short sword
              (2 damage)
             ... on level 1 of the Dungeon.
             The game lasted 00:00:24 (430 turns).

Dabor the Insei (Vine Stalker Transmuter)            Turns: 430, Time: 00:00:25

Health: -1/14      AC:  2    Str: 12    XL:     2   Next: 20%
Magic:  0/6        EV: 12    Int: 13    God:
Gold:   0          SH:  0    Dex: 14    Spells: 2/5 levels left

rFire   . . .      SeeInvis .     - Unarmed
rCold   . . .      Faith    .   (no shield)
rNeg    . . .      Spirit   +   a - +0 robe
rPois   .          Reflect  .   (helmet currently unavailable)
rElec   .          Harm     .   (no cloak)
rCorr   .          Rampage  .   (no gloves)
Will    .....                   (boots currently unavailable)
Stlth   +.........              (no amulet)
HPRegen 0.04/turn               (no ring)
MPRegen 0.10/turn               (no ring)

@: appendages
A: horns 2, talons 2, fangs 2, magic shield, antimagic bite, no potion heal 2
a: End Transformation


You were on level 1 of the Dungeon.
You had temporarily grown beastly horns and talons.
You visited 1 branch of the dungeon, and saw 1 of its levels.

Inventory:

Armour
 a - a +0 robe (worn)
Potions
 b - a potion of lignification


   Skills:
 + Level 1.1 Fighting
 + Level 1.7 Dodging
 + Level 3.1 Unarmed Combat
 + Level 2.3 Spellcasting
 + Level 2.1 Transmutations


You had 2 spell levels left.
You knew the following spells:

 Your Spells              Type           Power      Damage    Failure   Level
a - Beastly Appendage     Tmut           14%        N/A       10%         1
b - Wereblood             Tmut           7%         N/A       16%         2

Your spell library contained the following spells:

 Spells                   Type           Power      Damage    Failure   Level
 Spider Form              Tmut/Pois      4%         N/A       43%         3
 Ice Form                 Ice/Tmut       4%         N/A       83%         4


Dungeon Overview and Level Annotations

Branches:
Dungeon (1/15)

Altars:


Innate Abilities, Weirdness & Mutations

You have temporarily grown beastly horns and talons.
You have extremely sharp teeth.
When hurt, damage is shared between your health and your magic reserves.
Your bite disrupts and absorbs the magic of your enemies.
Potions cannot restore your health.


Message History

A kobold is nearby!
A kobold is nearby!
The kobold shouts!
An endoplasm comes into view.
A dart slug comes into view.
The endoplasm quivers.
You hit the kobold but do no damage. The kobold hits you but does no damage.
You closely miss the kobold. You bite the kobold. You drain its power.
The kobold is moderately wounded.
The kobold barely misses you.
A rat comes into view.
You hit the kobold but do no damage. Your bite misses the kobold.
The kobold is moderately wounded.
The kobold hits you with a +0 short sword.
You hit the kobold but do no damage.
The kobold is moderately wounded.
The kobold hits you with a +0 short sword.
Casting: Beastly Appendage (safe; 10% risk of failure)
Confirm with . or Enter, or press ? or * to list all spells.
You miscast Beastly Appendage.
You are very lightly contaminated with residual magic.
Nothing appears to happen.
The kobold hits you with a +0 short sword.
The kobold attacks as you move away! The kobold hits you but does no damage.
The dart slug launches a dart at you. The slug dart hits you.
The kobold attacks as you move away! The kobold barely misses you.
The dart slug launches a dart at you. The slug dart misses you.
The kobold attacks as you move away! The kobold barely misses you.
The kobold attacks as you move away! The kobold barely misses you.
Casting: Beastly Appendage (safe; 10% risk of failure)
Confirm with . or Enter, or press ? or * to list all spells.
You grow a pair of large bovine horns.
Your feet morph into talons.
The kobold hits you with a +0 short sword.
* * * LOW HITPOINT WARNING * * *
Your magical contamination has completely faded away.
You closely miss the kobold. Your bite misses the kobold.
The kobold is moderately wounded.
The kobold hits you with a +0 short sword.
You die...

#[.........#
##..........###
..............#
........w...#.#
#.......#
################r#####
...............#J#
.#.............#K#
#...8....###...#@#
..†.....## ##..#.#
........## ##..#.#
..####...###...#.# .##
##.....(..#.# .#
#...8......# .##
##........#.#
..####...###...#.#
........## ##..#.#


You could see a dart slug, an endoplasm, a kobold and a rat.

Vanquished Creatures
  An endoplasm (D:1)
  2 giant cockroaches (D:1)
  A hobgoblin (D:1)
  2 jackals (D:1)
  A ball python (D:1)
  A frilled lizard (D:1)
  A kobold (D:1)
9 creatures vanquished.

Notes
Turn   | Place    | Note
-------+----------+-------------------------------------------
     0 | D:1      | Dabor the Vine Stalker Transmuter began the quest for the
                  | Orb.
     0 | D:1      | Reached XP level 1. HP: 9/9 MP: 4/4
    27 | D:1      | Reached skill level 1 in Fighting
   240 | D:1      | Reached XP level 2. HP: 14/14 MP: 6/6
   255 | D:1      | Learned a level 2 spell: Wereblood
   430 | D:1      | Slain by a kobold

Illustrated notes

Levels and vault maps discovered:
D:1:      erik_arrival_cave_to_civilisation [erik_arrival_cave_to_hall],
          layout_basic, minmay_box_of_dots

Skill      XL: |  1 |
---------------+----+-----
Fighting       | 1 |  1.1
Dodging        | |  1.7
Unarmed Combat | |  3.1
Spellcasting   | |  2.3
Transmutations | |  2.1

Action                   || total
-------------------------++-------
Melee: Unarmed           ||    30
       Bite              ||     9
       Kick              ||     5
 Cast: Beastly Appendage ||     3
 Stab: Sleeping          ||     1
Armor: Robe              ||     8
Dodge: Dodged            ||    23

Table legend: (Time is in decaauts)
 A = Elapsed time spent in this place.
 B = Non-inter-level travel time spent in this place.
 C = Inter-level travel time spent in this place.
 D = Time resting spent in this place.
 E = Time spent auto-exploring this place.
 F = Levels seen in this place.
 G = Mean time per level.
                   A        B        C        D        E       F      G
               +--------+--------+--------+--------+--------+-----+--------+
         Total |    428 |    428 |      0 |      0 |    367 |   1 |  428.0 |
       Dungeon |    428 |    428 |      0 |      0 |    367 |   1 |  428.0 |
               +--------+--------+--------+--------+--------+-----+--------+

Top non-repeatable levels by time:
     D:1: 428 daAuts
